 Dungeon Crawl Stone Soup version 0.30-a0-374-g95c0257040 (webtiles) character file.

Game seed: 13367912421673433743

1537 sanka the Martial Artist (level 9, -1/65 (71) HPs)
             Began as a Meteoran Monk on Nov 25, 2022.
             Was a Priest of Okawaru.
             Slain by a wight
             ... wielding a +3 flail
              (5 damage)
             ... on level 6 of the Dungeon.
             The game lasted 00:19:55 (2578 turns).

sanka the Martial Artist (Meteoran Monk)            Turns: 2578, Time: 00:19:55

HP:   -1/65 (71)    AC:  2    Str: 13    XL:     9   Next: 32%
MP:   5/13          EV: 29    Int: 15    God:    Okawaru [***...]
Gold: 300           SH:  0    Dex: 23    Spells: 6/12 levels left

rFire   . . .      SeeInvis .      - Unarmed
rCold   . . .      Faith    .    (shield currently unavailable)
rNeg    . . .      Spirit   .    (body armour currently unavailable)
rPois   x          Reflect  .    (helmet currently unavailable)
rElec   .          Harm     .    (cloak currently unavailable)
rCorr   +          Rampage  .    (gloves currently unavailable)
Will    ++...                    (boots currently unavailable)
Stlth   ++........               (no amulet)
HPRegen 0.30/turn                v - ring of willpower
MPRegen 0.13/turn                p - ring of resist corrosion

@: spider-form (expiring), heroic, wereblooded, glowing, drained
A: venomous fangs, tiny, sense surroundings 2, otherworldly, glowing, explore
regen
a: End Transformation, Renounce Religion, Heroism


You were on level 6 of the Dungeon.
You worshipped Okawaru.
Okawaru was most pleased with you.
You were a venomous arachnid creature.
You visited 1 branch of the dungeon, and saw 6 of its levels.

You collected 320 gold pieces.
You spent 20 gold pieces at shops.


Innate Abilities, Weirdness & Mutations

You are a venomous arachnid creature.
You have poisonous fangs.
You are tiny and dextrous.
Your spellcasting is less reliable in this form.
Your armour is entirely melded.
You are incapable of wielding weapons or throwing items.
You passively map the area around you.
You are easily found by Zot.
You glow in the dark.
You regain HP and MP as you explore.


   Skills:
 - Level 4.0(9.0) Fighting
 - Level 4.0(9.0) Dodging
 - Level 1.4(6.4) Stealth
 + Level 8.8(13.8) Unarmed Combat
 - Level 2.0 Spellcasting
 - Level 8.0 Transmutations
 - Level 5.0 Invocations


You had 6 spell levels left.
You knew the following spells:

 Your Spells              Type           Power      Damage    Failure   Level
x - Spider Form           Tmut/Pois      13%        N/A       30%         3
y - Wereblood             Tmut           25%        N/A       6%          2
z - Beastly Appendage     Tmut           50%        N/A       4%          1

Your spell library contained the following spells:

 Spells                   Type           Power      Damage    Failure   Level
 Slow                     Hex            4%         N/A       43%         1
 Confusing Touch          Hex            1%         N/A       75%         3
 Portal Projectile        Hex/Tloc       2%         N/A       75%         3
 Vampiric Draining        Necr           1%         2d6       75%         3
 Leda's Liquefaction      Hex/Erth       0%         N/A       98%         4
 Call Canine Familiar     Summ           Unusable   N/A       N/A         3

Inventory:

Armour
 a - a +0 robe (melded)
 h - a +0 helmet
 q - the +0 helmet of the Devil (melded) {Will+ SInv}

   SInv:      It lets you see invisible.
   Will:      It increases your willpower.
 s - a +0 cloak (melded)
Jewellery
 p - a ring of resist corrosion (right front leg)
 v - a ring of willpower (left front leg)
Wands
 x - a wand of acid (12)
 y - a wand of digging (7)
 A - a wand of roots (12)
Scrolls
 d - 2 scrolls of amnesia
 e - 2 scrolls of immolation {!r}
 f - 2 scrolls of teleportation {unknown}
 g - a scroll of poison {!r}
 j - a scroll of noise {unknown}
 k - a scroll of torment {!r}
 m - 4 scrolls of magic mapping {unknown}
 n - a scroll of fear
 o - 2 scrolls of butterflies {unknown}
Potions
 b - 2 potions of ambrosia
 c - 2 potions of attraction {!q}
 i - a potion of heal wounds {unknown}
 l - 2 potions of curing {unknown}
 r - a potion of flight {unknown}
 t - 2 potions of berserk rage {unknown}
 u - a potion of degeneration {unknown}
 w - a potion of haste {unknown}
 z - a potion of invisibility {unknown}

Dungeon Overview and Level Annotations

Branches:
Dungeon (6/15) Zot: 1053   Temple (0/1) D:5

Altars:
Okawaru

Shops:
D:4 *

Annotations:
D:2 Sigmund

░ ░ ░ ▒▒▒▒ ░ , ..▒ ░,
▒.▒ ░ ▒▒▒▒▒▒▒▒▒▒.▒▒▒
,, ......zs.z?..▒ ░
,▒.▒▒▒▒▒▒▒▒.▒.▒ ,, ,
.▒▒▒▒▒.▒.▒ , ,,,
..........▒▒▒▒▒▒▒▒▒▒▒
,
..▒▒...........))....
░ ░
.....▒........▒▒▒▒▒▒
, ,,......▒.▒.▒▒.▒.▒
▒ ░ ░
........▒.▒▒.▒.▒ ▒ ░
,░ ░ ,
.£....▒▒▒.▒▒.▒.▒ ▒


You could see 2 wights.


Message History

* * * LOW HITPOINT WARNING * * *
You feel drained.
* * * LOW HITPOINT WARNING * * *
The wight freezes you.
* * * LOW HITPOINT WARNING * * *
The wight hits you from afar with a +3 halberd!
* * * LOW HITPOINT WARNING * * *
Your blood is infused with primal strength.
The wight completely misses you.
The wight hits you from afar with a +3 halberd!
* * * LOW HITPOINT WARNING * * *
Unknown command.
You bite the wight!
You destroy the wight!
Okawaru accepts your kill. The wight misses you.
You hit the wight.
The wight is lightly damaged.
Your transformation is almost over.
You hit the wight but do no damage.
The wight is lightly damaged.
The wight completely misses you. The wight completely misses you.
Unknown command.
You hit the wight.
The wight is moderately damaged.
The wight hits you with a +3 flail!
* * * LOW HITPOINT WARNING * * *
You feel drained.
You die...

Action                   |  1- 3 |  4- 6 |  7- 9 || total
-------------------------+-------+-------+-------++-------
Melee: Unarmed           |    67 |   113 |    98 ||   278
       Headbutt          |     4 |    11 |       ||    15
       Kick              |     4 |    16 |       ||    20
       Punch             |     1 |     1 |     1 ||     3
 Cast: Beastly Appendage |     7 |    15 |     1 ||    23
       Spider Form       |       |     7 |    11 ||    18
       Wereblood         |       |       |     1 ||     1
Invok: Heroism           |       |       |     6 ||     6
  Use: Scroll            |     2 |     3 |       ||     5
Armor: Robe              |     9 |    11 |     2 ||    22
       Skin              |       |     2 |     5 ||     7
Dodge: Dodged            |    27 |    74 |    86 ||   187

Levels and vault maps discovered:
D:1:      minmay_arrival_open_corners, layout_basic, minmay_indecisive_spiral
D:2:      layout_loops_ring, hangedman_abyss_or_decor_lesser_grid,
          kennysheep_minor_cross, uniq_sigmund
D:3:      minmay_spotlight, layout_basic, kennysheep_potato, uniq_jessica
D:4:      kb_forest_paths, layout_gridville, nicolae_shop_clearance
D:5:      minmay_evil_eye, layout_loops_corners, lemuel_tele_altar,
          mainiacjoe_overflow_tiny_flanked, minmay_temple_entry_overgrown,
          sword_in_stone, uniq_pikel, uniq_blork_the_orc
D:6:      nicolae_BIG_FREAKIN_CUBE, layout_loops_ring,
          mainiacjoe_overflow_boulevard, worldfamousw_hep_ancestral_shrine

Notes
Turn   | Place    | Note
-------+----------+-------------------------------------------
     0 | D:1      | sanka the Meteoran Monk began the quest for the Orb.
     0 | D:1      | Reached XP level 1. HP: 19/19 MP: 2/2
    32 | D:1      | Reached skill level 4 in Unarmed Combat
    34 | D:1      | Reached XP level 2. HP: 18/26 MP: 3/3
   107 | D:1      | Learned a level 1 spell: Beastly Appendage
   188 | D:1      | Reached XP level 3. HP: 13/31 MP: 4/4
   364 | D:2      | Reached skill level 5 in Unarmed Combat
   381 | D:2      | Noticed Sigmund
   551 | D:2      | Reached skill level 1 in Spellcasting
   551 | D:2      | Reached XP level 4. HP: 32/38 MP: 4/7
   570 | D:2      | Learned a level 2 spell: Wereblood
   582 | D:2      | Learned a level 3 spell: Spider Form
   684 | D:3      | Reached skill level 1 in Transmutations
   833 | D:3      | Reached skill level 2 in Spellcasting
  1228 | D:4      | Reached skill level 2 in Transmutations
  1253 | D:4      | Found Puitooh's CLEARANCE SALE!.
  1259 | D:4      | Bought a scroll of fear for 20 gold pieces
  1416 | D:4      | Reached skill level 3 in Transmutations
  1416 | D:4      | Reached XP level 5. HP: 28/45 MP: 9/9
  1480 | D:4      | Identified the +0 helmet of the Devil {Will+ SInv}
  1556 | D:3      | Noticed Jessica
  1579 | D:3      | Killed Jessica
  1580 | D:3      | Reached skill level 4 in Transmutations
  1580 | D:3      | Reached XP level 6. HP: 40/51 MP: 1/10
  1758 | D:5      | Entered Level 5 of the Dungeon
  1766 | D:5      | Reached skill level 5 in Transmutations
  1780 | D:5      | Noticed an orc warrior
  1781 | D:5      | Noticed an orc warrior
  1904 | D:5      | Reached skill level 6 in Transmutations
  1904 | D:5      | Reached XP level 7. HP: 42/57 MP: 8/11
  1945 | D:5      | Reached skill level 7 in Transmutations
  2042 | D:5      | Found an iron altar of Okawaru.
  2061 | D:5      | Became a worshipper of Warmaster Okawaru
  2061 | D:5      | Reached * piety under Okawaru
  2061 | D:5      | Reached ** piety under Okawaru
  2095 | D:5      | Noticed Pikel
  2118 | D:5      | Killed Pikel
  2119 | D:5      | Reached skill level 5 in Invocations
  2119 | D:5      | Reached skill level 4 in Fighting
  2119 | D:5      | Reached skill level 4 in Dodging
  2119 | D:5      | Reached XP level 8. HP: 58/66 MP: 7/12
  2158 | D:5      | Reached skill level 6 in Unarmed Combat
  2158 | D:5      | Reached skill level 8 in Transmutations
  2167 | D:5      | Reached *** piety under Okawaru
  2254 | D:5      | Noticed Blork the orc
  2263 | D:5      | Killed Blork the orc
  2264 | D:5      | Gained mutation: You passively map the area around you.
                  | [Meteoran growth]
  2264 | D:5      | Reached XP level 9. HP: 67/71 MP: 7/13
  2311 | D:5      | Found a staircase to the Ecumenical Temple.
  2333 | D:5      | Reached skill level 7 in Unarmed Combat
  2398 | D:5      | Reached skill level 8 in Unarmed Combat
  2578 | D:6      | HP: 4/67 [wight/+3 flail (11)]
  2578 | D:6      | Slain by a wight

Vanquished Creatures
  Pikel (D:5)
  A water moccasin (D:5)
  An orc warrior (D:5)
  An ogre (D:5)
  A centaur (D:5)
  A lemure (D:5)
  Blork the orc (D:5)
  A scorpion (D:5)
  2 gnoll sergeants (D:5)
  2 wights (D:6)
  2 hounds
  A jelly (D:5)
  Jessica (D:3)
  An iguana (D:5)
  8 gnolls
  4 adders
  A white imp (D:5)
  An ufetubus (D:4)
  2 worms
  3 dart slugs
  8 orcs
  3 bats
  7 endoplasms
  6 goblins
  4 hobgoblins
  3 jackals (D:3)
  7 kobolds
  6 quokkas
  6 ball pythons
  4 frilled lizards
  2 rats (D:1)
92 creatures vanquished.
